Map: Vigía EE

Players

TATORREA - Winner!

  • Race: Protoss Protoss
  • League: Silver
  • Spawn Location: 5:00

tigro - Winner!

  • Race: Terran Terran
  • League: Bronze
  • Spawn Location: 6:00

MrFercho - Winner!

  • Race: Terran Terran
  • League: Silver
  • Spawn Location: 5:00

Giancarlo

  • Race: Zerg Zerg
  • Spawn Location: 12:00

Agustin

  • Race: Terran Terran
  • Spawn Location: 9:00

rtbkiller

  • Race: Protoss Protoss
  • Spawn Location: 9:00

VOD

Have the link to the VOD?

Description

Time

  • Played on: June 3, 2020, 8:28 p.m.
  • Length: 20:43
Show
View Real Time Build Order
Export as new Build Order

TATORREA Protoss - Winner!

Build Orders:  

Get SALT Encoding   

  12  0:03  Probe  
  13  0:20  Probe (Chrono Boost)  
  13  0:21  Pylon  
  14  0:31  Probe (Chrono Boost)  
  15  0:37  Probe (Chrono Boost)  
  16  0:43  Gateway  
  16  0:49  Probe  
  17  0:53  Assimilator  
  17  1:01  Probe  
  18  1:13  Probe  
  19  1:25  Probe  
  20  1:36  Gateway  
  20  1:37  Cybernetics Core  
  20  1:38  Probe  
  21  1:50  Probe  
  21  1:52  Assimilator  
  22  2:09  Pylon  
  22  2:12  Pylon  
  22  2:16  Pylon  
  22  2:18  Probe  
  23  2:25  Warp Gate  
  23  2:27  Stalker (Chrono Boost)  
  23  2:28  Zealot (Chrono Boost)  
  27  2:51  Stalker (Chrono Boost)  
  27  2:54  Zealot (Chrono Boost)  
  31  3:34  Stalker x2  
  35  3:58  Nexus  
  35  4:01  Pylon  
  35  4:04  Pylon  
  35  4:08  Pylon  
  35  4:11  Gateway x2  
  35  4:15  Stalker x2  
  39  4:39  Stalker  
  39  4:40  Stalker  
  39  4:44  Probe  
  44  4:57  Probe  
  44  4:59  Forge  
  45  5:02  Stargate  
  45  5:09  Probe  
  45  5:13  Stalker  
  48  5:17  Zealot  
  50  5:22  Zealot  
  50  5:27  Zealot  
  54  5:29  Protoss Ground Weapons Level 1 (Chrono Boost)  
  54  5:38  Probe x2  
  56  5:51  Probe x2  
  58  6:03  Probe x2  
  60  6:15  Probe x2  
  62  6:27  Probe  
  57  6:59  Assimilator  
  57  7:01  Probe x2  
  57  7:02  Assimilator  
  57  7:06  Stalker  
  57  7:07  Stalker x3  
  67  7:13  Probe x2  
  69  7:22  Nexus  
  69  7:25  Probe  
  66  7:55  Stalker x4  
  74  8:05  Protoss Ground Armor Level 1  
  74  8:17  Void Ray  
  78  8:32  Twilight Council  
  78  8:41  Pylon  
  78  8:44  Pylon  
  78  8:51  Pylon  
  78  8:53  Probe x3  
  78  8:55  Pylon  
  81  8:58  Pylon  
  81  8:59  Stalker x2  
  81  9:00  Stalker x2, Phoenix  
  81  9:02  Pylon  
  91  9:05  Probe x3  
  91  9:06  Pylon  
  94  9:12  Charge (Chrono Boost)  
  94  9:17  Probe x3  
  97  9:25  Phoenix  
  97  9:29  Probe x3  
  102  9:32  Assimilator  
  102  9:34  Assimilator  
  102  9:41  Probe x2  
  102  9:42  Probe  
  105  9:49  Phoenix  
  103  9:53  Probe x2  
  103  9:54  Probe  
  62  10:37  Stalker  
  62  10:38  Stalker x3  
  70  10:42  Phoenix  
  72  10:51  Gateway  
  72  10:54  Gateway x2  
  72  10:56  Gateway  
  72  10:57  Gateway  
  72  11:00  Gateway  
  72  11:02  Gateway  
  72  11:05  Gateway x2  
  72  11:07  Phoenix  
  74  11:15  Gateway  
  74  11:17  Gateway  
  74  11:20  Protoss Ground Weapons Level 2  
  74  11:21  Gateway  
  74  11:23  Stalker x4  
  82  11:28  Blink  
  82  11:29  Nexus  
  82  11:32  Phoenix  
  84  11:45  Protoss Air Weapons Level 1 (Chrono Boost)  
  84  11:46  Pylon  
  84  11:49  Pylon  
  84  11:53  Pylon  
  84  11:57  Phoenix  
  86  12:02  Zealot  
  86  12:03  Zealot x3  
  86  12:04  Zealot x3  
  86  12:05  Zealot x3  
  86  12:06  Pylon, Zealot  
  86  12:07  Zealot  
  110  12:08  Zealot  
  110  12:15  Pylon  
  112  12:18  Pylon  
  112  12:21  Pylon  
  112  12:22  Phoenix  
  114  12:32  Fleet Beacon, Pylon  
  114  12:35  Robotics Facility  
  114  12:36  Pylon  
  114  12:47  Phoenix  
  116  13:12  Phoenix  
  68  13:57  Stalker x5  
  68  13:58  Stalker x4  
  68  13:59  Stalker x2  
  68  14:00  Stalker x4  
  68  14:01  Stalker  
  96  14:05  Phoenix  
  96  14:08  Anion Pulse-Crystals  
  98  14:10  Immortal  
  102  14:30  Phoenix  
  104  14:39  Zealot  
  104  14:42  Zealot  
  104  14:43  Zealot x4  
  104  14:44  Zealot x2  
  104  14:45  Zealot x3  
  126  14:46  Zealot x2  
  126  14:47  Zealot  
  126  14:48  Zealot x2  
  136  14:55  Phoenix, Assimilator  
  136  14:56  Assimilator  
  138  15:08  Protoss Ground Weapons Level 3  
  138  15:16  Immortal  
  138  15:20  Phoenix  
  138  15:21  Zealot x4  
  146  15:22  Zealot x4  
  146  15:24  Zealot  
  162  15:29  Protoss Air Weapons Level 2  
  162  15:45  Phoenix  
  162  15:55  Observer  
  67  16:26  Phoenix  
  67  16:31  Stalker  
  67  16:32  Stalker x4  
  77  16:33  Stalker x4  
  77  16:34  Stalker x4  
  95  16:51  Phoenix  
  97  17:16  Phoenix  
  99  17:24  Stalker x3  
  99  17:25  Stalker x3  
  99  17:26  Stalker  
  109  17:41  Phoenix  
  111  17:52  Nexus  
  105  18:06  Zealot x5, Phoenix  
  105  18:07  Zealot x3  
  105  18:08  Zealot x3  
  105  18:09  Zealot  
  131  18:41  Zealot x2  
  131  18:42  Zealot x4  
Show
View Real Time Build Order
Export as new Build Order

tigro Terran - Winner!

Build Orders:  

Get SALT Encoding   

  12  0:03  SCV  
  13  0:15  SCV  
  14  0:21  Supply Depot  
  14  0:27  SCV  
  15  0:36  Refinery  
  15  0:43  SCV  
  16  0:55  Barracks  
  16  1:01  SCV  
  17  1:13  SCV  
  17  1:14  Refinery  
  18  1:25  SCV  
  19  1:33  Supply Depot  
  19  1:37  SCV  
  20  1:45  Marine  
  21  1:49  SCV  
  22  2:01  SCV  
  22  2:03  Marine  
  24  2:21  Marine  
  25  2:39  Marine  
  26  2:51  SCV  
  27  2:57  Marine  
  28  3:18  Barracks  
  27  3:32  SCV  
  28  3:40  Engineering Bay  
  28  3:44  SCV  
  29  3:54  Barracks Tech Lab  
  29  3:59  Orbital Command  
  29  4:08  Barracks Tech Lab  
  29  4:12  Terran Infantry Weapons Level 1  
  29  4:16  Combat Shield  
  29  4:19  Marine  
  30  4:28  Stimpack  
  30  4:37  Marine x2  
  32  4:55  Marine x2  
  32  4:59  Factory  
  34  5:12  Marine x2  
  36  5:19  Missile Turret  
  36  5:30  Marine  
  37  5:42  Missile Turret  
  37  5:45  Factory Tech Lab  
  37  5:48  Marine  
  38  5:53  Starport  
  38  6:03  Missile Turret  
  38  6:06  Terran Infantry Armor Level 1  
  38  6:08  Concussive Shells  
  38  6:23  Siege Tank  
  41  6:29  Missile Turret  
  41  6:31  Medivac  
  43  6:43  Fusion Core  
  43  6:59  Missile Turret  
  43  7:13  Starport Tech Lab  
  43  7:31  Armory  
  43  7:50  Command Center  
  43  7:53  Weapon Refit  
  43  8:00  Neosteel Armor  
  43  8:14  Refinery  
  43  8:20  Refinery  
  43  8:29  Supply Depot  
  43  8:50  Thor  
  43  8:51  Battlecruiser, Supply Depot  
  55  9:03  SCV  
  56  9:14  Supply Depot  
  56  9:15  SCV  
  57  9:27  SCV  
  58  9:39  SCV  
  58  9:40  Hi-Sec Auto Tracking  
  59  9:51  SCV  
  60  10:02  Marine x2  
  62  10:20  Marine x2  
  45  10:38  Marine x2  
  47  10:43  Battlecruiser  
  47  10:47  Siege Tank  
  56  10:56  Marine x2  
  58  11:13  Marine x2  
  46  11:41  Planetary Fortress  
  46  11:47  Medivac  
  48  12:07  Thor  
  54  12:11  Marine x2  
  56  12:17  Battlecruiser  
  62  12:29  Marine  
  63  13:00  Marine x2  
  65  13:16  Command Center  
  65  13:18  Marine x2  
  67  13:21  Medivac  
  69  13:35  Marine  
  69  13:36  Marine  
  63  13:52  Battlecruiser  
  63  13:53  Marine x2  
  49  14:11  Marine x2  
  51  14:29  Marine x2  
  45  14:42  Refinery  
  45  14:47  Marine x2  
  47  14:56  Battlecruiser  
  53  15:05  Marine x2  
  55  15:22  Marine  
  55  15:23  Marine  
  55  15:25  SCV  
  58  15:37  SCV  
  59  15:49  SCV  
  60  16:00  Medivac  
  60  16:01  SCV  
  63  16:08  Refinery  
  63  16:13  SCV  
  64  16:30  Battlecruiser  
  70  16:43  Planetary Fortress  
  70  17:03  Missile Turret  
  70  17:12  Marine x2  
  72  17:23  Missile Turret  
  72  17:29  Marine x2  
  72  17:34  Battlecruiser  
  69  17:44  Missile Turret  
  69  17:47  Marine  
  67  18:06  Missile Turret  
  67  18:27  Missile Turret, Marine  
  67  18:28  Marine  
  69  18:39  Battlecruiser  
  75  18:45  Marine x2  
  77  18:50  Missile Turret  
  77  19:00  Rapid Reignition System  
  77  19:03  Marine x2  
  79  19:21  Marine x2  
  81  19:39  Marine x2  
  81  19:43  Medivac  
  85  19:56  Marine  
  85  19:57  Marine  
  93  20:14  Marine x2  
Show
View Real Time Build Order
Export as new Build Order

MrFercho Terran - Winner!

Build Orders: Command Center First (CC) 

Get SALT Encoding   

  12  0:02  SCV  
  13  0:14  SCV  
  14  0:31  SCV  
  15  1:02  Command Center  
  15  1:09  Supply Depot  
  15  1:20  Refinery  
  15  1:31  SCV  
  16  1:43  Barracks  
  16  2:33  Supply Depot  
  16  2:34  Barracks Reactor  
  16  2:54  Engineering Bay  
  16  2:59  Marine  
  17  3:17  Marine  
  18  3:41  Barracks Reactor, Factory  
  18  3:46  Orbital Command  
  18  3:51  Orbital Command  
  18  4:11  Refinery  
  18  4:15  Refinery  
  18  4:16  SCV x2  
  20  4:28  SCV  
  20  4:29  SCV  
  22  4:36  Factory Tech Lab  
  22  4:40  SCV  
  22  4:41  SCV, Starport  
  24  4:53  SCV x2  
  24  4:56  Refinery  
  24  4:58  Marine x2  
  28  5:05  SCV  
  29  5:11  Engineering Bay, Terran Infantry Armor Level 1  
  29  5:15  Marine  
  29  5:16  SCV, Marine  
  29  5:17  SCV  
  33  5:28  SCV  
  34  5:29  SCV  
  34  5:33  Marine  
  34  5:34  Marine  
  37  5:36  Starport Tech Lab  
  37  5:39  Widow Mine  
  37  5:40  SCV  
  37  5:41  SCV  
  41  5:51  Marine  
  41  5:52  SCV, Marine  
  41  5:53  SCV, Barracks  
  41  5:56  Fusion Core  
  45  5:57  Terran Infantry Weapons Level 1  
  45  6:03  Cloaking Field  
  45  6:04  SCV  
  46  6:13  SCV  
  46  6:14  Widow Mine  
  46  6:16  SCV  
  50  6:26  SCV  
  50  6:28  SCV  
  52  6:35  Widow Mine  
  54  6:47  Supply Depot  
  54  6:49  Supply Depot  
  54  6:51  Supply Depot  
  54  6:56  Advanced Ballistics  
  54  7:00  Supply Depot  
  54  7:08  Marine x2  
  54  7:09  SCV, Widow Mine, Liberator  
  54  7:11  SCV  
  63  7:23  SCV, Hyperflight Rotors  
  63  7:26  Marine x2  
  63  7:29  Starport  
  66  7:30  Widow Mine  
  66  7:33  Barracks Tech Lab  
  68  7:44  Marine x2  
  70  7:51  Liberator  
  73  8:02  Marine x2  
  73  8:03  SCV  
  76  8:12  Missile Turret  
  76  8:14  Missile Turret  
  76  8:15  SCV  
  77  8:22  Missile Turret  
  77  8:27  SCV  
  78  8:35  Missile Turret  
  78  8:37  Missile Turret  
  78  8:39  SCV  
  79  8:50  Missile Turret  
  79  8:51  SCV  
  80  8:57  Command Center  
  80  9:07  Armory  
  80  9:09  Rapid Reignition System  
  80  9:18  Starport Tech Lab  
  80  9:31  Siege Tank  
  80  9:32  Factory  
  83  9:43  Medivac  
  85  9:55  Supply Depot  
  85  9:56  Supply Depot  
  85  9:58  Supply Depot  
  85  9:59  Supply Depot  
  85  10:04  Terran Ship Weapons Level 1  
  85  10:09  Medivac, Terran Infantry Weapons Level 2, Siege Tank  
  85  10:11  Terran Infantry Armor Level 2  
  90  10:15  Factory  
  90  10:18  Stimpack  
  90  10:21  Supply Depot  
  90  10:23  Supply Depot  
  90  10:25  Barracks  
  90  10:41  Siege Tank  
  93  11:02  Factory Reactor  
  93  11:03  Factory Reactor  
  93  11:06  Medivac x2  
  97  11:13  Siege Tank  
  100  11:57  Combat Shield  
  100  12:12  Widow Mine x5  
  110  12:33  Widow Mine x2  
  110  12:34  Widow Mine x3  
  112  12:54  Widow Mine  
  112  12:55  Widow Mine x4  
  98  13:16  Widow Mine x2  
  98  13:17  Widow Mine x3  
  108  13:30  SCV x2  
  108  13:34  Orbital Command, Sensor Tower  
  110  13:38  Widow Mine  
  112  13:42  SCV x2  
  114  13:54  SCV x2  
  116  14:02  Sensor Tower  
  116  14:06  SCV  
  116  14:07  SCV  
  118  14:18  Armory, SCV, Terran Vehicle And Ship Armor Level 1  
  118  14:19  SCV  
  118  14:42  Drilling Claws, Sensor Tower  
  116  15:19  Medivac  
  80  15:30  Sensor Tower  
  72  15:37  Widow Mine x5  
  82  15:48  Refinery  
  82  15:53  Refinery  
  82  15:58  Widow Mine  
  82  15:59  Widow Mine x4  
  92  16:20  Widow Mine x5  
  99  16:41  Widow Mine x3  
  99  16:42  Widow Mine x2  
  99  16:44  Viking  
  99  16:45  Viking  
  110  17:03  Widow Mine  
  112  17:14  Viking  
  112  17:15  Viking  
  104  17:44  Viking  
  104  17:45  Viking  
  108  17:54  Widow Mine x5  
  118  18:01  Terran Vehicle Weapons Level 1, Terran Vehicle And Ship Armor Level 2  
  118  18:14  Viking  
  118  18:15  Viking, Widow Mine x3  
  118  18:16  Widow Mine x2  
  132  18:36  Widow Mine  
  132  18:37  Widow Mine x4  
  142  18:44  Viking  
  142  18:45  Viking  
  146  18:57  Command Center  
  146  18:58  Widow Mine  
  146  19:02  Refinery  
  148  19:04  Refinery  
  148  19:11  Widow Mine x4  
Show
View Real Time Build Order
Export as new Build Order

Giancarlo Zerg 

Build Orders: Pool First, Brood Lord Corruptor 

Get SALT Encoding   

  12  0:02  Drone  
  13  0:08  Drone  
  14  0:18  Overlord  
  14  0:25  Overlord  
  14  0:37  Drone x2  
  16  0:46  Drone  
  17  0:59  Spawning Pool  
  16  1:04  Drone  
  16  1:08  Extractor  
  16  1:11  Extractor  
  16  1:13  Drone  
  16  1:45  Zergling x2  
  16  1:46  Zergling x4  
  19  1:56  Lair  
  19  2:20  Drone x3  
  22  2:31  Hatchery  
  22  2:32  Metabolic Boost  
  21  2:57  Drone x3  
  22  3:22  Queen  
  22  3:26  Overlord x2  
  23  3:42  Hydralisk Den  
  22  3:48  Evolution Chamber  
  22  3:51  Drone  
  22  3:52  Drone  
  23  3:59  Infestation Pit  
  22  4:05  Drone x2  
  24  4:11  Lair  
  24  4:17  Drone  
  24  4:18  Drone  
  26  4:41  Extractor  
  26  4:45  Extractor  
  24  4:46  Drone x2  
  24  4:50  Hive  
  24  4:51  Drone x3  
  29  4:56  Spire  
  28  5:11  Hive  
  28  5:21  Hatchery  
  27  5:45  Drone x3  
  30  5:53  Grooved Spines  
  30  5:57  Zerg Melee Weapons Level 1  
  30  6:06  Overlord  
  30  6:07  Overlord  
  30  6:15  Zergling x2  
  31  6:20  Hydralisk  
  31  6:21  Hydralisk  
  35  6:29  Greater Spire  
  35  6:37  Hydralisk x2  
  39  6:47  Lair  
  39  6:52  Drone x2  
  41  7:04  Hatchery, Muscular Augments  
  40  7:35  Hydralisk x2  
  40  7:36  Hydralisk  
  46  7:38  Hydralisk  
  46  7:39  Hydralisk x2  
  52  8:06  Drone x2  
  54  8:25  Hive  
  54  8:29  Lair  
  54  8:30  Drone x2  
  56  8:48  Zerg Flyer Weapons Level 1  
  56  8:52  Zerg Melee Weapons Level 2  
  56  8:56  Drone  
  57  9:43  Pneumatized Carapace  
  57  9:45  Drone  
  58  9:46  Drone x2  
  57  9:59  Hive  
  51  10:00  Hydralisk x3  
  51  10:03  Hydralisk  
  53  10:11  Corruptor x3  
  53  10:15  Corruptor  
  55  10:23  Corruptor  
  55  10:26  Drone  
  58  10:30  Corruptor  
  58  10:32  Drone  
  61  10:43  Zerg Flyer Armor Level 1  
  61  11:02  Corruptor x3  
  63  11:11  Corruptor  
  63  11:22  Corruptor  
  63  11:23  Corruptor x2  
  69  11:34  Corruptor x2  
  73  11:41  Overlord x3  
  73  12:06  Brood Lord  
  73  12:07  Brood Lord x3  
  81  12:10  Brood Lord  
  83  12:29  Ultralisk Cavern  
  82  12:38  Hydralisk  
  82  12:39  Hydralisk x2  
  83  12:49  Brood Lord  
  80  12:57  Drone  
  66  13:09  Brood Lord  
  67  13:42  Overlord x3  
  67  13:48  Brood Lord x3  
  67  14:04  Brood Lord  
  69  14:14  Corruptor x2  
  73  14:20  Overlord x3  
  73  14:39  Extractor  
  73  14:42  Extractor  
  71  14:47  Brood Lord x2  
  75  15:16  Corruptor  
  57  15:59  Swarm Host  
  60  16:11  Spire  
  59  16:36  Zergling x6  
  59  16:39  Zergling x4  
  65  16:40  Zergling x2  
  65  16:54  Hatchery  
  65  16:58  Zergling x4  
  64  17:03  Zergling x4  
  55  17:26  Zergling x4  
  55  17:29  Zergling x4  
  13  18:12  Lair  
  13  18:41  Greater Spire  
  13  18:55  Drone x2  
  15  19:50  Hydralisk x3  
  21  19:54  Hydralisk  
Show
View Real Time Build Order
Export as new Build Order

Agustin Terran 

Build Orders:  

Get SALT Encoding   

  12  0:03  SCV  
  13  0:15  SCV  
  14  0:25  Supply Depot  
  14  0:27  SCV  
  15  0:47  SCV  
  16  0:55  Supply Depot  
  16  0:59  SCV  
  17  1:11  SCV  
  18  1:21  Supply Depot  
  18  1:23  SCV  
  19  1:28  Refinery  
  19  1:35  SCV  
  20  1:47  SCV  
  20  1:50  Refinery  
  21  1:56  Engineering Bay  
  21  1:59  Barracks  
  21  2:19  SCV  
  22  2:32  SCV  
  23  2:44  SCV  
  24  2:49  Barracks Reactor  
  24  2:55  Barracks  
  24  2:56  SCV  
  25  3:02  Supply Depot  
  25  3:08  SCV  
  26  3:37  Supply Depot  
  26  3:42  Engineering Bay  
  26  3:44  Engineering Bay  
  26  3:56  Barracks Reactor  
  26  4:01  Bunker  
  26  4:11  Barracks  
  26  4:15  Engineering Bay  
  26  5:34  Factory  
  26  5:52  Command Center  
  26  7:11  Factory  
  26  7:14  Factory  
  26  7:24  Factory Reactor  
  26  7:27  Factory Tech Lab  
  26  8:13  Factory Tech Lab  
  26  8:14  Factory Tech Lab  
  26  8:23  Refinery  
  26  8:29  Refinery  
  26  9:38  Armory  
  26  10:48  Thor  
  32  11:50  Terran Vehicle Weapons Level 1  
  32  11:53  Thor  
  38  12:26  Thor  
  38  12:29  Thor  
  50  12:38  Thor  
  31  13:44  Terran Vehicle And Ship Armor Level 1  
  16  17:58  Thor  
  22  18:41  Thor  
  28  18:47  Thor  
  34  18:48  Thor  
Show
View Real Time Build Order
Export as new Build Order

rtbkiller Protoss 

Build Orders: Carriers 

Get SALT Encoding   

  12  0:03  Probe (Chrono Boost)  
  14  0:15  Probe (Chrono Boost)  
  14  0:21  Pylon  
  14  0:23  Probe (Chrono Boost)  
  15  0:39  Probe  
  16  0:44  Gateway  
  16  0:51  Probe  
  16  0:56  Assimilator  
  17  1:01  Assimilator  
  17  1:03  Probe  
  18  1:47  Pylon  
  17  2:25  Cybernetics Core  
  17  2:31  Pylon  
  17  2:33  Probe (Chrono Boost)  
  17  2:34  Pylon  
  18  2:43  Probe (Chrono Boost)  
  19  2:48  Probe (Chrono Boost)  
  19  2:49  Nexus  
  20  2:51  Pylon  
  20  2:59  Probe (Chrono Boost)  
  20  3:00  Warp Gate (Chrono Boost)  
  21  3:09  Probe (Chrono Boost)  
  22  3:14  Probe (Chrono Boost)  
  22  3:15  Gateway  
  22  3:17  Gateway  
  23  3:21  Assimilator  
  23  3:23  Assimilator  
  23  3:25  Probe  
  24  3:36  Stalker  
  24  3:37  Probe  
  27  4:01  Probe (Chrono Boost)  
  28  4:06  Stalker  
  30  4:11  Probe (Chrono Boost)  
  30  4:13  Stalker  
  30  4:14  Stalker  
  30  4:16  Probe (Chrono Boost)  
  36  4:27  Probe  
  36  4:29  Stargate  
  37  4:39  Probe  
  37  4:41  Pylon  
  37  4:44  Pylon  
  38  4:49  Stalker  
  38  4:51  Probe  
  38  4:52  Stalker  
  43  4:54  Stalker  
  45  5:03  Probe (Chrono Boost)  
  46  5:15  Stargate  
  46  5:16  Probe (Chrono Boost), Stalker  
  46  5:17  Stargate  
  46  5:19  Sentry  
  46  5:21  Sentry  
  53  5:23  Probe (Chrono Boost)  
  53  5:28  Probe  
  55  5:30  Probe  
  56  5:42  Void Ray, Probe  
  61  5:54  Probe  
  61  5:55  Protoss Air Weapons Level 1  
  62  6:01  Robotics Facility  
  62  6:06  Probe  
  63  6:16  Void Ray  
  67  6:18  Probe  
  68  6:30  Probe  
  59  6:54  Void Ray  
  59  6:57  Void Ray  
  59  6:59  Void Ray  
  71  7:25  Stalker  
  71  7:28  Nexus  
  71  7:29  Stalker  
  72  7:40  Void Ray  
  75  7:53  Void Ray  
  75  7:56  Void Ray  
  75  7:58  Stalker  
  85  8:08  Pylon  
  85  8:10  Pylon  
  85  8:13  Pylon  
  85  8:14  Assimilator  
  85  8:17  Pylon  
  85  8:20  Assimilator  
  85  8:22  Probe (Chrono Boost)  
  86  8:33  Probe (Chrono Boost)  
  87  8:34  Void Ray  
  87  8:36  Void Ray  
  87  8:38  Probe (Chrono Boost)  
  96  8:42  Fleet Beacon  
  96  8:48  Probe (Chrono Boost), Robotics Bay  
  97  8:59  Probe (Chrono Boost)  
  97  9:00  Probe (Chrono Boost)  
  99  9:07  Probe (Chrono Boost)  
  99  9:08  Probe (Chrono Boost)  
  105  9:10  Oracle  
  105  9:12  Probe (Chrono Boost)  
  105  9:14  Probe  
  106  9:19  Observer  
  106  9:24  Probe  
  108  9:34  Pylon  
  108  9:36  Probe, Pylon  
  109  9:41  Observer  
  110  9:47  Oracle, Stalker  
  110  9:48  Stalker  
  110  9:51  Stalker  
  90  10:49  Probe (Chrono Boost)  
  91  10:59  Probe (Chrono Boost)  
  91  11:03  Probe (Chrono Boost)  
  93  11:15  Probe  
  91  11:27  Probe  
  92  11:34  Carrier  
  92  11:36  Void Ray  
  102  11:40  Carrier  
  108  12:03  Stalker  
  108  12:05  Stalker  
  108  12:08  Stalker  
  114  12:12  Colossus  
  120  12:19  Void Ray  
  124  12:24  Pylon  
  124  12:27  Pylon  
  124  12:39  Carrier  
  130  12:44  Carrier  
  134  13:02  Void Ray  
  134  13:03  Stalker  
  90  13:42  Void Ray  
  90  13:45  Void Ray  
  98  13:49  Carrier  
  103  14:21  Stalker  
  103  14:23  Sentry  
  107  14:25  Void Ray, Sentry  
  107  14:27  Void Ray  
  97  14:53  Carrier  
  103  15:08  Void Ray  
  103  15:12  Void Ray  
  109  15:51  Void Ray  
  109  15:55  Void Ray  
  101  15:57  Carrier  
  95  16:30  Colossus  
  101  16:34  Void Ray  
  101  16:37  Void Ray  
  109  17:01  Void Ray  
  113  17:18  Void Ray (Chrono Boost)  
  109  17:23  Colossus  
  109  17:27  Void Ray (Chrono Boost)  
  105  17:41  Void Ray (Chrono Boost)  
  103  17:52  Mothership  
  103  17:55  Void Ray (Chrono Boost)  
  103  17:58  Sentry  
  117  18:00  Sentry  
  117  18:02  Stalker  
  117  18:03  Void Ray  
  125  18:17  Void Ray, Colossus  
  125  18:19  Anion Pulse-Crystals  
  135  18:32  Void Ray  
  139  18:46  Void Ray  
  143  18:59  Void Ray  
  147  19:06  Nexus  
  145  19:10  Colossus  
  73  19:37  Stalker  
  70  19:39  Stalker  
  70  19:41  Stalker  
  50  20:20  Probe  
  41  20:31  Pylon  
  41  20:33  Pylon  
  41  20:34  Pylon  
Tags
 
Add a new tag
Caveats
  • Supply blocks, unpowered buildings, or Contaminate may cause inaccurate times.
  • Supply counts are checked every 10 seconds.